 Dungeon Crawl Stone Soup version 0.19.1 (webtiles) character file.

154 ChaseSP the Chiller (level 5, -1/35 HPs)
             Began as a Merfolk Ice Elementalist on Nov 28, 2016.
             Killed from afar by an orc wizard (4 damage)
             ... with a magic dart
             ... on level 4 of the Dungeon.
             The game lasted 00:08:04 (3408 turns).

ChaseSP the Chiller (Merfolk Ice Elementalist)      Turns: 3408, Time: 00:08:05

Health: -1/35      AC:  4    Str:  8    XL:     5   Next: 36%
Magic:  4/8        EV: 12    Int: 16    God:
Gold:   135        SH:  0    Dex: 14    Spells: 3 memorised, 0 levels left

rFire  . . .     SeeInvis .     a - +0 whip
rCold  . . .     Gourm    .     e - +0 leather armour
rNeg   . . .     Faith    .     (no shield)
rPois  .         Spirit   .     o - +0 helmet (curse)
rElec  .         Reflect  .     (no cloak)
rCorr  .         Harm     .     (no gloves)
MR     .....                    (no boots)
Stlth  ++........               (no amulet)
                                (no ring)
                                (no ring)

@: very slightly contaminated
A: change form in water, swift swim, stealthy swim
a: no special abilities


You were on level 4 of the Dungeon.
You were hungry.

You visited 1 branch of the dungeon, and saw 4 of its levels.

You collected 135 gold pieces.

Inventory:

Hand Weapons
 a - a +0 whip (weapon)
Armour
 e - a +0 leather armour (worn)
 o - a cursed +0 helmet (worn)
Jewellery
 h - an uncursed amulet of harm {unknown}
Scrolls
 g - 8 scrolls of identify {unknown}
 j - 2 scrolls of remove curse {unknown}
 k - 2 scrolls of immolation {unknown}
 l - a scroll of teleportation {unknown}
Potions
 d - a potion of degeneration {unknown}
 i - a potion of heal wounds {unknown}
Books
 b - a book of Frost

   Spells                             Type                      Level
   a - Freeze                         Ice                          1
   b - Throw Frost                    Conjuration/Ice              2
   c - Ozocubu's Armour               Charms/Ice                   3
   d - Throw Icicle                   Conjuration/Ice              4
   e - Summon Ice Beast               Ice/Summoning                4
 m - a book of Cantrips

   Spells                             Type                      Level
   a - Confusing Touch                Hexes                        1
   b - Animate Skeleton               Necromancy                   1
   c - Summon Small Mammal            Summoning                    1
   d - Apportation                    Translocation                1
Comestibles
 c - 3 bread rations
 f - a beef jerky


   Skills:
 - Level 2.6 Dodging
 - Level 2.1 Stealth
 - Level 2.0 Spellcasting
 * Level 1.1 Conjurations
 - Level 2.1 Charms
 * Level 5.8 Ice Magic


You couldn't memorise any spells.
You knew the following spells:

 Your Spells              Type           Power        Failure   Level  Hunger
a - Freeze                Ice            ###.         3%          1    #......
b - Ozocubu's Armour      Chrm/Ice       ##......     21%         3    ###....
c - Throw Icicle          Conj/Ice       ##......     83%         4    #####..


Dungeon Overview and Level Annotations

Branches:
Dungeon (4/15)
 Temple: D:4-7

Altars:

Annotations:
D:3 daryashkoh's ghost, weakling DsMo


Message History

The orc wizard is lightly wounded.
The orc wizard barely misses you. The orc wizard misses you.
An orc priest comes into view. It is wielding a dagger.
You hit the orc wizard.
The orc wizard is moderately wounded.
The orc wizard looks satisfied for a moment.
The orc priest invokes the aid of Beogh against you.
Beogh smites you!
* * * LOW HITPOINT WARNING * * *
The orc wizard hits you but does no damage.
The orc wizard looks satisfied for a moment.
The orc priest mumbles some strange prayers to Beogh against you.
Beogh smites you!
* * * LOW HITPOINT WARNING * * *
The orc wizard barely misses you. The orc wizard barely misses you.
You hear the quick rusting of a distant drain.
The orc wizard casts a spell at you. The magic dart hits you!
You die...

# #. ####.######
..........
#......#########.#
#...)@.oo.oo)...#
##.#.############
#.#####.#.#
#.........#
######.###
##.##### #......#
#..###.# #..# #.#


You could see an orc priest, an orc wizard and 2 orcs.

Vanquished Creatures
  A worker ant (D:4)
  Robin (D:4)
  3 adders
  2 oozes (D:3)
  2 worms
  2 dart slugs
  3 leopard geckos
  5 orcs
  A giant cockroach (D:1)
  13 goblins
  6 hobgoblins
  2 jackals (D:2)
  10 bats
  7 frilled lizards
  4 kobolds
  10 rats
72 creatures vanquished.

Notes
Turn   | Place    | Note
-------+----------+-------------------------------------------
     0 | D:1      | ChaseSP the Merfolk Ice Elementalist began the quest for the Orb.
     0 | D:1      | Reached XP level 1. HP: 13/13 MP: 3/3
   165 | D:1      | Reached XP level 2. HP: 13/19 MP: 5/5
   245 | D:1      | Reached skill level 4 in Ice Magic
   889 | D:2      | Reached XP level 3. HP: 21/24 MP: 6/6
   894 | D:2      | Learned a level 3 spell: Ozocubu's Armour
  1523 | D:2      | Reached skill level 1 in Charms
  1523 | D:2      | Reached skill level 5 in Ice Magic
  1525 | D:2      | Reached XP level 4. HP: 16/30 MP: 1/7
  2299 | D:3      | Noticed daryashkoh's ghost (weakling DsMo)
  2910 | D:4      | Reached XP level 5. HP: 24/35 MP: 4/8
  2916 | D:4      | Learned a level 4 spell: Throw Icicle
  2943 | D:4      | Noticed Robin
  2960 | D:4      | Killed Robin
  2960 | D:4      | Reached skill level 1 in Conjurations
  3408 | D:4      | Killed from afar by an orc wizard

Skill      XL: |  1  2  3  4  5 |
---------------+----------------+-----
Ice Magic      | 4 5 |  5.8
Charms         | 1 2 |  2.1
Conjurations   | 1 |  1.1
Dodging        | |  2.6
Stealth        | |  2.1
Spellcasting   | |  2.0

Action                   |  1- 3 |  4- 6 || total
-------------------------+-------+-------++-------
Melee: Whip              |   107 |   148 ||   255
       Tailslap          |     1 |       ||     1
 Cast: Freeze            |    20 |    27 ||    47
       Ozocubu's Armour  |       |     3 ||     3
 Stab: Sleeping          |     2 |     5 ||     7
  Eat: Chunk             |     2 |     7 ||     9
Armor: Leather armour    |    30 |    38 ||    68
Dodge: Dodged            |    88 |   111 ||   199
